 Dungeon Crawl Stone Soup version 0.24-a0-578-gf1077d3 (webtiles) character file.

Game seed: 3757296391266855321

7060 Deaus the Thaumaturge (level 11, 0/52 HPs)
             Began as a Vine Stalker Conjurer on Aug 21, 2019.
             Was a Believer of Sif Muna.
             Slain by an unseen horror (4 damage)
             ... on level 10 of the Dungeon.
             The game lasted 01:08:03 (17995 turns).

Deaus the Thaumaturge (Vine Stalker Conjurer)      Turns: 17995, Time: 01:08:04

Health: 0/52       AC:  8    Str: 12    XL:     11   Next: 9%
Magic:  0/26       EV: 19    Int: 18    God:    Sif Muna [**....]
Gold:   433        SH:  0    Dex: 19    Spells: 20/31 levels left

rFire    + . .     SeeInvis .   a - +4 flail (freeze) (curse)
rCold    x . .     Gourm    .   (no shield)
rNeg     . . .     Faith    .   s - +0 troll leather armour
rPois    .         Spirit   +   (no helmet)
rElec    .         Reflect  .   o - +0 cloak
rCorr    .         Harm     .   l - +1 pair of gloves
MR       +....                  C - +0 pair of boots
Stlth    +++++.....             (no amulet)
HPRegen  0.97/turn              z - ring of stealth
MPRegen  0.20/turn              F - ring of fire

@: agile, about to teleport
A: fangs 3, regeneration 1, magic shield, antimagic bite, no potion heal 3, rot
immunity
a: Channel Magic, Renounce Religion


You were on level 10 of the Dungeon.
You worshipped Sif Muna.
Sif Muna was pleased with you.
You were hungry.

You visited 2 branches of the dungeon, and saw 11 of its levels.
You also visited: Sewer and Ossuary.

You collected 508 gold pieces.
You spent 75 gold pieces at shops.

Inventory:

Hand Weapons
 a - a cursed +4 flail of freezing (weapon)
Armour
 l - a +1 pair of gloves (worn)
 o - a +0 cloak (worn)
 s - a +0 troll leather armour (worn)
 A - a +3 leather armour of fire resistance
 C - a +0 pair of boots (worn)
 H - the +1 leather armour of the Hart {rN+ rCorr}
   (You found it on level 9 of the Dungeon)

   It protects you from negative energy.
   It provides partial protection from all sources of acid and corrosion.
Magical Staves
 d - an uncursed staff of air
Jewellery
 z - a ring of stealth (left hand)
 F - a ring of fire (right hand)
Wands
 b - a wand of disintegration (13)
 p - a wand of polymorph (10)
 x - a wand of iceblast (9)
 B - a wand of paralysis (7)
Scrolls
 e - 6 scrolls of identify
 f - a scroll of immolation
 g - 3 scrolls of remove curse
 h - a scroll of enchant weapon
 k - 2 scrolls of fear
 n - 3 scrolls of blinking
 q - a scroll of enchant armour
 r - a scroll of teleportation
 t - a scroll of amnesia
 w - 2 scrolls of fog
 y - a scroll of magic mapping
Potions
 i - 3 potions of curing
 j - 3 potions of brilliance
 m - 3 potions of might
 u - a potion of invisibility
 v - 3 potions of flight
Comestibles
 c - 7 rations
 E - a chunk of flesh


   Skills:
 * Level 3.6 Fighting
 * Level 4.2 Dodging
 - Level 5.0 Stealth
 * Level 10.8 Spellcasting
 - Level 10.0 Conjurations
 - Level 4.0 Hexes
 * Level 3.4 Invocations


You had 20 spell levels left.
You knew the following spells:

 Your Spells              Type           Power        Failure   Level  Hunger
a - Magic Dart            Conj           ####         1%          1    None
b - Dazzling Spray        Conj/Hex       ####..       1%          3    None
c - Iskenderun's Mystic   Conj           #####...     1%          4    ##.....
d - Confuse               Hex            ###.....     5%          3    None

Your spell library contained the following spells:

 Spells                   Type           Power        Failure   Level  Hunger
 Corona                   Hex            ###....      1%          1    None
 Searing Ray              Conj           #####.       1%          2    None
 Tukima's Dance           Hex            ###.....     5%          3    None
 Fulminant Prism          Conj/Hex       ####......   5%          4    ##.....
 Ensorcelled Hibernation  Hex/Ice        ###...       6%          2    None
 Force Lance              Conj/Tloc      ####....     12%         4    ##.....


Dungeon Overview and Level Annotations

Branches:
Dungeon (10/15)            Temple (1/1) D:7           Sewer (visited)
Ossuary (visited)
   Lair: D:8-11         Orc: D:9-12

Altars:
Ashenzari
Cheibriados
Dithmenos
Elyvilon
Fedhas
Gozag
Hepliaklqana
Kikubaaqudgha
Makhleb
Nemelex Xobeh
Okawaru
Qazlal
Ru
Sif Muna
Trog
Uskayaw
Vehumet
Wu Jian
Xom
Yredelemnul
Zin
The Shining One

Shops:
D:6 *   D:10 [

Annotations:
D:6 3 runed translucent doors, kairosrom117's ghost, novice DrCj


Innate Abilities, Weirdness & Mutations

You have razor-sharp teeth.
Your natural rate of healing is unusually fast.
When hurt, damage is shared between your health and your magic reserves.
Your bite disrupts and absorbs the magic of your enemies.
Potions cannot restore your health.
You are immune to rotting.


Message History

You closely miss something. Something hits you. Something hits you!
* * * LOW HITPOINT WARNING * * *
You feel agile all of a sudden. Something hits you.
* * * LOW HITPOINT WARNING * * *
You closely miss something. Something closely misses you.
Something barely misses you. Something hits you.
* * * LOW HITPOINT WARNING * * *
Casting: Dazzling Spray (safe; 1% risk of failure)
Confirm with . or Enter, or press ? or * to list all spells.
You don't have enough magic to cast that spell.
Something hits you.
* * * LOW HITPOINT WARNING * * *
Okay, then.
As you read the scroll of teleportation, it crumbles to dust.
You feel strangely unstable. Something hits you!
* * * LOW HITPOINT WARNING * * *
Something hits you but does no damage. Something hits you.
You die...

##+#######.# ...#...# ##'#####
.......)##.# #.###.# #...#...
........##.# #.<...# #.#.#.#.
.........#.###.###.### #.#...#.
.........#.....#.....########.#.
...).....#.#####.###.'.##.....#.
+#######.....(.#.#...#..'.#####.
#######.###.#.####.......
#.....@...#.# ####+###
#######'##### #....# ##'####
#.....# ###+#### #.....####
#......# #.....'..# #......#
#.....##.### #......'
#.<...##...###...)..#


There were no monsters in sight!

Vanquished Creatures
  2 hippogriffs (D:7)
  A shadow (D:7)
  3 yaks (D:9)
  Eustachio (D:5)
  A hungry ghost (D:9)
  A steam dragon (D:8)
  A vampire mosquito (D:7)
  3 orc warriors
  2 sky beasts
  A phantom (D:8)
  3 ice beasts
  3 ogres
  A necrophage (D:8)
  6 centaurs
  2 big kobolds
  7 bullfrogs
  5 water moccasin zombies (Ossuary)
  6 scorpions
  A killer bee (D:7)
  5 wights
  An electric eel (D:9)
  3 howler monkeys
  8 crimson imps
  2 bullfrog zombies
  A quasit (D:8)
  6 jellies
  A bullfrog skeleton (D:6)
  2 hounds (D:7)
  A gnoll shaman (D:7)
  5 orc priests
  8 orc wizards
  Crazy Yiuf (D:2)
  4 centaur skeletons
  Terence (D:2)
  An iguana (D:9)
  5 worker ants
  A killer bee zombie (D:9)
  A big kobold zombie (Ossuary)
  A hound skeleton (D:6)
  2 hound zombies
  2 mummies (Ossuary)
  A howler monkey zombie (D:6)
  A worker ant zombie (D:8)
  7 gnolls
  A howler monkey skeleton (D:5)
  13 adders
  A shadow imp (D:6)
  5 oozes (D:9)
  4 adder zombies (Ossuary)
  6 adder skeletons
  2 worms
  A dart slug (D:4)
  12 leopard geckos
  38 orcs
  2 ball pythons
  15 giant cockroaches
  9 goblins
  5 hobgoblins
  11 jackals
  2 quokkas
  5 bats
  12 frilled lizards
  A gnoll zombie (Ossuary)
  6 hobgoblin zombies (Ossuary)
  17 kobolds
  5 kobold zombies (Ossuary)
  2 orc zombies (Ossuary)
  A quokka skeleton (D:7)
  2 quokka zombies
  7 rats
  A spectral orc (D:6)
307 creatures vanquished.

Vanquished Creatures (others)
  A kobold (D:9)
1 creature vanquished.

Grand Total: 308 creatures vanquished

Notes
Turn   | Place    | Note
-------+----------+-------------------------------------------
     0 | D:1      | Deaus the Vine Stalker Conjurer began the quest for the
                  | Orb.
     0 | D:1      | Reached XP level 1. HP: 9/9 MP: 4/4
   536 | D:1      | Reached XP level 2. HP: 8/13 MP: 3/6
  1346 | D:2      | Reached XP level 3. HP: 16/16 MP: 4/7
  1379 | D:2      | Learned a level 3 spell: Dazzling Spray
  1797 | D:2      | Noticed Terence
  1829 | D:2      | Found a runed translucent door.
  1863 | D:2      | Reached skill level 5 in Conjurations
  2134 | D:2      | Gained mutation: Your natural rate of healing is unusually
                  | fast. [Vine Stalker growth]
  2134 | D:2      | Reached XP level 4. HP: 21/21 MP: 5/8
  2620 | D:3      | Reached skill level 1 in Hexes
  2939 | D:3      | Reached XP level 5. HP: 23/24 MP: 0/10
  3775 | D:4      | Found a sand-covered staircase.
  3862 | Ossuary  | Entered an ossuary
  3959 | Ossuary  | Reached XP level 6. HP: 22/28 MP: 2/12
  4270 | Ossuary  | Reached XP level 7. HP: 30/32 MP: 6/14
  4370 | Ossuary  | Learned a level 4 spell: Iskenderun's Mystic Blast
  5146 | D:4      | Reached skill level 1 in Fighting
  5291 | D:4      | Found a sacrificial altar of Ru.
  5482 | D:2      | Killed Terence
  5561 | D:2      | Noticed Crazy Yiuf
  5607 | D:2      | Killed Crazy Yiuf
  5903 | D:5      | Entered Level 5 of the Dungeon
  6025 | D:5      | Reached skill level 5 in Spellcasting
  6559 | D:5      | Found a glowing drain.
  6563 | Sewer    | Entered a sewer
  6792 | Sewer    | Gained mutation: You have razor-sharp teeth. [Vine Stalker
                  | growth]
  6792 | Sewer    | Reached XP level 8. HP: 32/37 MP: 8/17
  7298 | D:5      | Noticed Eustachio
  7305 | D:5      | Killed Eustachio
  7782 | D:6      | Found Ykhliwug's General Store.
  7787 | D:6      | Bought a scroll of enchant weapon for 75 gold pieces
  8085 | D:6      | Reached skill level 5 in Stealth
  8348 | D:6      | Reached XP level 9. HP: 40/41 MP: 2/21
  9452 | D:6      | Found a runed translucent gate.
  9453 | D:6      | Found a runed translucent gate.
  9454 | D:6      | Found a runed translucent gate.
  9454 | D:6      | Noticed kairosrom117's ghost (novice DrCj)
  9915 | D:6      | Found a basalt altar of Yredelemnul.
 10207 | D:7      | Found a radiant altar of Vehumet.
 10207 | D:7      | Found a shimmering altar of Xom.
 10209 | D:7      | Found a shattered altar of Ashenzari.
 10210 | D:7      | Found a blossoming altar of Fedhas.
 10377 | D:7      | Found a staircase to the Ecumenical Temple.
 10384 | Temple   | Entered the Ecumenical Temple
 10535 | Temple   | Became a worshipper of Sif Muna the Loreminder
 10631 | D:7      | Learned a level 3 spell: Confuse
 11462 | D:8      | Reached skill level 1 in Invocations
 12045 | D:8      | Reached * piety under Sif Muna
 12200 | D:8      | Reached XP level 10. HP: 46/46 MP: 13/23
 13399 | D:7      | Noticed a cyan ugly thing
 14714 | D:9      | Found a radiant altar of Vehumet.
 15294 | D:9      | Reached skill level 10 in Conjurations
 15823 | D:9      | Reached skill level 10 in Spellcasting
 16193 | D:9      | Noticed a two-headed ogre
 16415 | D:8      | Reached ** piety under Sif Muna
 17105 | D:9      | Got a distressingly furry leather armour
 17106 | D:9      | Identified the +1 leather armour of the Hart {rN+ rCorr}
                  | (You found it on level 9 of the Dungeon)
 17208 | D:9      | Reached XP level 11. HP: 47/52 MP: 5/26
 17316 | D:9      | Identified the +7 plate armour of Haturuong {+Inv}
 17563 | D:10     | Entered Level 10 of the Dungeon
 17741 | D:10     | Found Foepig's Armour Shoppe.
 17995 | D:10     | Slain by an unseen horror

Levels and vault maps discovered:
D:1:      dpeg_arrival_prison, layout_loops_corners, hex_large
D:2:      layout_basic, first_ration, uniq_terence, uniq_crazy_yiuf_cottage
D:3:      cheibrodos_greedy_goblins, layout_basic, kennysheep_generic_room_9
D:4:      layout_loops_ring, lemuel_crystal_altar,
          nicolae_ossuary_entry_false_entrances, skrybe_limestone_x,
          kennysheep_cross_bottleneck
D:5:      layout_loops_cross, gup_sewer_entry_spiral, uniq_eustachio
D:6:      cheibrodos_barr_body, layout_gridville,
          yredelemnul_forgotten_temple_becter, serial_shops,
          kennysheep_little_box, gammafunk_ghost_split
D:7:      minmay_klotski, layout_loops_ring, minitemple
D:8:      layout_basic
D:9:      layout_roguey, basic_altar, hangedman_little_slice_of_home,
          water_boxes_lemuel
D:10:     layout_roguey, erik_lair_dragon, serial_shops,
          nicolae_shop_temple_entry_statues_fountains,
          chequers_serial_rivers_micro_d
Temple:   regret_index_temple_sphere_string

Skill      XL: |  1  2  3  4  5  6  7  8  9 10 11 |
---------------+----------------------------------+-----
Conjurations   | 5 6 7 9 10 | 10.0
Hexes          | 1 2 3 4 |  4.0
Spellcasting   | 3 4 5 7 8 10 | 10.8
Stealth        | 3 4 5 |  5.0
Dodging        | 2 3 4 |  4.2
Fighting       | 1 2 3 |  3.6
Invocations    | 1 3 |  3.4

Action                   |  1- 3 |  4- 6 |  7- 9 | 10-12 || total
-------------------------+-------+-------+-------+-------++-------
Melee: Unarmed           |     1 |       |       |       ||     1
       Short sword       |     5 |    12 |       |       ||    17
       Bite              |     1 |     9 |    16 |    20 ||    46
       Flail             |       |    37 |    64 |    99 ||   200
 Cast: Magic Dart        |    55 |   136 |   308 |   136 ||   635
       Dazzling Spray    |       |     6 |    17 |    95 ||   118
       Iskenderun's Myst |       |       |    78 |    61 ||   139
  Use: Potion            |     2 |       |     7 |     1 ||    10
       Scroll            |       |       |    13 |     4 ||    17
 Stab: Invisible         |       |       |     5 |     2 ||     7
       Sleeping          |       |       |     1 |     1 ||     2
  Eat: Chunk             |     4 |     7 |    19 |    12 ||    42
       Ration            |       |       |     5 |     3 ||     8
Armor: Robe              |     2 |    16 |     8 |       ||    26
       Leather armour    |     7 |     8 |       |       ||    15
       Troll leather arm |       |       |    52 |   113 ||   165
Dodge: Dodged            |    10 |    66 |   122 |   208 ||   406

Table legend:
 A = Non-vault XP
 B = Vault XP
 C = Vault XP percentage of total XP
 D = Non-vault monster count
 E = Vault monster count
 F = Vault count percentage of total count
                 A         B        C        D         E       F
            +---------+---------+-------+---------+---------+-------
      Total |    7318 |    2769 |  27.5 |     211 |      96 |  31.3
            +---------+---------+-------+---------+---------+-------
        D:1 |      14 |       3 |  17.6 |       9 |       2 |  18.2
        D:2 |      72 |      77 |  51.7 |      21 |       2 |   8.7
        D:3 |     112 |      17 |  13.2 |      22 |       9 |  29.0
        D:4 |     173 |       0 |   0.0 |      17 |       0 |   0.0
        D:5 |     461 |     353 |  43.4 |      18 |       8 |  30.8
        D:6 |     660 |     484 |  42.3 |      16 |      12 |  42.9
        D:7 |     915 |     968 |  51.4 |      23 |      10 |  30.3
        D:8 |    1549 |       0 |   0.0 |      28 |       0 |   0.0
        D:9 |    2589 |     162 |   5.9 |      44 |       8 |  15.4
       D:10 |     773 |       0 |   0.0 |      13 |       0 |   0.0
      Sewer |       0 |     211 | 100.0 |       0 |      19 | 100.0
    Ossuary |       0 |     494 | 100.0 |       0 |      26 | 100.0
            +---------+---------+-------+---------+---------+-------
